 Dungeon Crawl Stone Soup version 0.21-a0-94-gdd6ab6a (console) character file.

65 dafubar the Slasher (level 4, -9/37 HPs)
             Began as a Hill Orc Gladiator on July 2, 2017.
             Mangled by a gnoll
             ... wielding a +0 halberd
              (15 damage)
             ... on level 2 of the Dungeon.
             The game lasted 00:32:32 (1750 turns).

dafubar the Slasher (Hill Orc Gladiator)            Turns: 1750, Time: 00:32:33

Health: -9/37      AC:  7    Str: 17    XL:     4   Next: 13%
Magic:  4/4        EV: 11    Int:  8    God:
Gold:   52         SH:  0    Dex: 12    Spells: 3/3 levels left

rFire    . . .     SeeInvis .   i - +4 hand axe (chop)
rCold    . . .     Gourm    .   (no shield)
rNeg     . . .     Faith    .   h - +1 ring mail
rPois    .         Spirit   .   c - +0 helmet
rElec    .         Reflect  .   (no cloak)
rCorr    .         Harm     .   (no gloves)
MR       .....                  (no boots)
Stlth    +.........             (no amulet)
HPRegen  0.12/turn              (no ring)
MPRegen  0.09/turn              (no ring)

@: no status effects
A: no striking features
a: no special abilities


You were on level 2 of the Dungeon.
You were very full.

You visited 1 branch of the dungeon, and saw 2 of its levels.

You collected 52 gold pieces.

Inventory:

Hand Weapons
 a - a +0 long sword
 e - a +0 club
 i - a +4 hand axe of chopping (weapon)
 k - a +0 club
 l - a +0 dagger
 m - a +0 whip of electrocution
 o - a +0 whip
 s - a +0 quarterstaff
Missiles
 q - 22 bolts
 t - 8 stones (quivered)
Armour
 b - a +0 leather armour
 c - a +0 helmet (worn)
 g - a +0 leather armour
 h - a +1 ring mail (worn)
 r - a +0 helmet
Scrolls
 j - a scroll of blinking {unknown}
Potions
 n - a potion of flight {unknown}
 p - a potion of curing {unknown}
Comestibles
 d - a meat ration
 f - 2 fruits


   Skills:
 + Level 2.9 Fighting
 + Level 4.2 Long Blades
 + Level 1.8 Throwing
 + Level 1.5 Armour
 + Level 2.7 Dodging
 + Level 0.1 Stealth


You had 3 spell levels left.
You didn't know any spells.

Dungeon Overview and Level Annotations

Branches:
Dungeon (2/15)

Altars:


Message History

You hit the gnoll. The gnoll misses you. The gnoll barely misses you.
The gnoll completely misses you. The gnoll hits you with a halberd!
You are too injured to fight recklessly!
You are too injured to fight recklessly!
The gnoll barely misses you.
You are too injured to fight recklessly!
The kobold hits you but does no damage. The gnoll hits you but does no damage.
The gnoll barely misses you. The gnoll misses you.
The gnoll closely misses you.
You closely miss the kobold. The gnoll barely misses you.
The kobold closely misses you.
The gnoll hits you from afar with a spear!
The kobold closely misses you.
The gnoll hits you from afar with a spear!
* * * LOW HITPOINT WARNING * * *
The gnoll closely misses you. The kobold hits you but does no damage.
The gnoll completely misses you. The gnoll closely misses you.
The kobold barely misses you.
The gnoll hits you from afar with a halberd!
You die...

.....# .....# .....# >#
.....# ##.# (....# ....
.....# ..... .....#
#####.....
..)..##########.#.......
.....#..................
.....#..........@.......
.....#........gK........
.....#.........g........
#...................##+#
#...†............#+##
#................#
#................#
######$....##....#
########....#
#..........#
#..........#


You could see 2 gnolls and a kobold.

Vanquished Creatures
  A hound (D:1)
  A gnoll (D:2)
  2 ball pythons
  A giant cockroach (D:1)
  7 goblins
  2 hobgoblins (D:1)
  2 kobolds (D:1)
  3 bats (D:1)
  4 frilled lizards
  4 rats (D:1)
27 creatures vanquished.

Notes
Turn   | Place    | Note
-------+----------+-------------------------------------------
     0 | D:1      | dafubar the Hill Orc Gladiator began the quest for the Orb.
     0 | D:1      | Reached XP level 1. HP: 18/18 MP: 1/1
   627 | D:1      | Reached XP level 2. HP: 19/25 MP: 2/2
  1361 | D:1      | Reached XP level 3. HP: 30/30 MP: 3/3
  1475 | D:1      | Reached skill level 4 in Long Blades
  1475 | D:1      | Reached skill level 1 in Armour
  1724 | D:2      | Reached XP level 4. HP: 27/37 MP: 4/4
  1750 | D:2      | Mangled by a gnoll

Vault maps used:
D:1:      sevenhm_arrival_forest_fort_large_1, serial_co_window_serial,
          co_window_paths_a, co_window_corner_a, co_window_corner_a,
          co_window_cross_1, co_window_paths_a, co_window_of_opportunity_b,
          co_window_broadway_a, co_window_unsneaky_path_d, co_window_4corner_a,
          glass_columns_a, glass_columns_b, glass_columns_c
D:2:      lemuel_blue_sif_altar, nicolae_overflow_hidden_temple,
          minmay_misc_feat_five, nemelex_diamond_rough_becter

Skill      XL: |  1  2  3 |
---------------+----------+-----
Long Blades    | 4 |  4.2
Armour         | 1 |  1.5
Fighting       | |  2.9
Throwing       | |  1.8
Dodging        | |  2.7
Stealth        | |  0.1

Action                   |  1- 3 |  4- 6 || total
-------------------------+-------+-------++-------
Melee: Long sword        |    69 |       ||    69
       Quarterstaff      |     7 |       ||     7
       Hand axe          |       |     2 ||     2
Throw: Stone             |     4 |       ||     4
       Throwing net      |     3 |       ||     3
  Use: Scroll            |     3 |       ||     3
  Eat: Bread ration      |     2 |       ||     2
Armor: Leather armour    |    19 |       ||    19
       Ring mail         |    16 |     4 ||    20
Dodge: Dodged            |    65 |    17 ||    82
       Rpst.: Long sword |    15 |       ||    15
